A- EAST
FREDERICKSBURG NATIONALS @ AUGUSTA GREENJACKETS
09/17/2041
 
TOP OF THE 1ST
Fredericksburg Nationals batting - Pitching for Augusta GreenJackets : RHP Bill Clerc
Pitching: RHP Bill Clerc
Batting: RHB Jesús Balderas 0-0: Called Strike
0-1: Ball
1-1: SINGLE (Line Drive, 7S, EV 91.9 MPH)
Batting: RHB Mal Norton 0-0: Sac Bunt to 13S - play at first, batter OUT! 1-3
Jesús Balderas to second
Batting: RHB Tim McKernan 0-0: Called Strike
0-1: Fly out, F9 (Flyball, 9, EV 80.0 MPH)
Batting: RHB Lonnie Dillard 0-0: Foul Ball, location: 23F
0-1: Ball
1-1: Ball
2-1: Foul Ball, location: 9LMF
2-2: Strikes out swinging
Top of the 1st over - 0 runs, 1 hit, 0 errors, 1 left on base; Fredericksburg 0 - Augusta 0
BOTTOM OF THE 1ST
Augusta GreenJackets batting - Pitching for Fredericksburg Nationals : RHP Don O'Connor
Pitching: RHP Don O'Connor
Batting: RHB José Cabrera 0-0: Ball
1-0: Foul Ball, location: 3F
1-1: Called Strike
1-2: Strikes out looking
Batting: RHB Álex Beltrán 0-0: Ball
1-0: Swinging Strike
1-1: Foul Ball, location: 3FF
1-2: Ball
2-2: Strikes out swinging, 2-3 out at first.
Batting: LHB Doug Cox 0-0: Ball
1-0: Ground out 6-3 (Groundball, 6, EV 89.4 MPH)
Bottom of the 1st over - 0 runs, 0 hits, 0 errors, 0 left on base; Fredericksburg 0 - Augusta 0
TOP OF THE 2ND
Fredericksburg Nationals batting - Pitching for Augusta GreenJackets : RHP Bill Clerc
Batting: LHB Orlando Jiménez 0-0: Ball
1-0: Called Strike
1-1: Ball
2-1: Ball
3-1: Base on Balls
Batting: RHB Juan Ramírez 0-0: Sac Bunt to 13S - play at first, batter OUT! 1-3
Orlando Jiménez to second
Batting: RHB Juan Padrel 0-0: Called Strike
0-1: Ball
1-1: SINGLE (Flyball, 9LS, EV 98.8 MPH)
Orlando Jiménez to third
Batting: LHB Steve Norton 0-0: SINGLE (Flyball, 78S, EV 91.3 MPH)
Orlando Jiménez scores
Juan Padrel to second
Batting: RHB Kieran Pittman 0-0: Ball
1-0: Foul Ball, location: 3FF
1-1: Foul Ball, location: 9LDF
1-2: Ball
2-2: Fly out, F9 (Flyball, 89M, EV 82.5 MPH)
Batting: RHB Jesús Balderas 0-0: Fielders Choice at 2nd, 5-4 (Groundball, 56, EV 83.8 MPH)
Top of the 2nd over - 1 run, 2 hits, 0 errors, 2 left on base; Fredericksburg 1 - Augusta 0
BOTTOM OF THE 2ND
Augusta GreenJackets batting - Pitching for Fredericksburg Nationals : RHP Don O'Connor
Batting: RHB José García 0-0: Called Strike
0-1: Foul Ball, location: 5F
0-2: Fly out, F8 (Flyball, 8LM, EV 83.8 MPH)
Batting: RHB Ed Randolph 0-0: Called Strike
0-1: Swinging Strike
0-2: Ball
1-2: Ground out 5-3 (Groundball, 56, EV 86.9 MPH)
Batting: RHB Sam Nicholas 0-0: Called Strike
0-1: Ball
1-1: Called Strike
1-2: Fly out, F3 (Line Drive, 3L, EV 73.8 MPH)
Bottom of the 2nd over - 0 runs, 0 hits, 0 errors, 0 left on base; Fredericksburg 1 - Augusta 0
TOP OF THE 3RD
Fredericksburg Nationals batting - Pitching for Augusta GreenJackets : RHP Bill Clerc
Batting: RHB Mal Norton 0-0: Ground out 5-3 (Groundball, 56S, EV 83.1 MPH)
Batting: RHB Tim McKernan 0-0: Ball
1-0: Called Strike
1-1: Ball
2-1: Ground out 5-3 (Groundball, 5S, EV 92.5 MPH)
Batting: RHB Lonnie Dillard 0-0: Called Strike
0-1: Called Strike
0-2: Fly out, F7 (Flyball, 7D, EV 95.6 MPH)
Top of the 3rd over - 0 runs, 0 hits, 0 errors, 0 left on base; Fredericksburg 1 - Augusta 0
BOTTOM OF THE 3RD
Augusta GreenJackets batting - Pitching for Fredericksburg Nationals : RHP Don O'Connor
Batting: RHB Johnny Bonner 0-0: Ball
1-0: Called Strike
1-1: Ball
2-1: Ball
3-1: Base on Balls
Batting: RHB Steve Roberts 0-0: Swinging Strike
0-1: Ground out 6-3 (Groundball, 6S, EV 72.5 MPH)
Johnny Bonner to second
Batting: RHB Josh Owens 0-0: Ball
1-0: Called Strike
1-1: Ball
2-1: Ball
3-1: SINGLE (Groundball, 15S, EV 71.3 MPH) (infield hit)
Johnny Bonner to third
Batting: RHB José Cabrera 0-0: SINGLE (Groundball, 6, EV 108.1 MPH) (infield hit)
Johnny Bonner scores
Josh Owens to second
Batting: RHB Álex Beltrán 0-0: Ball
1-0: Swinging Strike
1-1: Ball
2-1: Swinging Strike
2-2: Ball
3-2: Base on Balls
Josh Owens to third
José Cabrera to second
Batting: LHB Doug Cox 0-0: Foul Ball, location: 7LMF
0-1: Ball
1-1: Fly out, F9 (Flyball, 89S, EV 77.5 MPH)
Batting: RHB José García 0-0: GRAND SLAM HOME RUN (Flyball, 7D, EV 98.8 MPH), Distance : 379 ft
Batting: RHB Ed Randolph 0-0: Ground out U3 (Groundball, 34S, EV 75.0 MPH)
Bottom of the 3rd over - 5 runs, 3 hits, 0 errors, 0 left on base; Fredericksburg 1 - Augusta 5
TOP OF THE 4TH
Fredericksburg Nationals batting - Pitching for Augusta GreenJackets : RHP Bill Clerc
Batting: LHB Orlando Jiménez 0-0: Ball
1-0: Ball
2-0: Foul Ball, location: 2F
2-1: Swinging Strike
2-2: Strikes out looking
Batting: RHB Juan Ramírez 0-0: Foul Ball, location: 2F
0-1: Foul Ball, location: 9LSF
0-2: Ball
1-2: Ball
2-2: Foul Ball, location: 23F
2-2: Strikes out swinging
Batting: RHB Juan Padrel 0-0: Ball
1-0: Foul Ball, location: 5FF
1-1: Foul Ball, location: 2F
1-2: Ball
2-2: Strikes out swinging
Top of the 4th over - 0 runs, 0 hits, 0 errors, 0 left on base; Fredericksburg 1 - Augusta 5
BOTTOM OF THE 4TH
Augusta GreenJackets batting - Pitching for Fredericksburg Nationals : RHP Don O'Connor
Batting: RHB Sam Nicholas 0-0: DOUBLE (Flyball, 78D, EV 88.1 MPH)
Batting: RHB Johnny Bonner 0-0: Ball
1-0: Ball
2-0: Ball
3-0: Called Strike
3-1: Base on Balls
Pitching: LHP Ernesto Beltrán
Batting: RHB Steve Roberts 0-0: Sac Bunt to 25 - play at first, batter OUT! 5-3
Sam Nicholas to third
Johnny Bonner to second
Batting: RHB Josh Owens 0-0: Called Strike
0-1: Foul Ball, location: 2F
0-2: Ball
1-2: Hit by Pitch
Batting: RHB José Cabrera 0-0: Ball
1-0: Called Strike
1-1: SINGLE (Groundball, 4MS, EV 65.0 MPH) (infield hit)
Sam Nicholas scores
Johnny Bonner to third
Josh Owens to second
Batting: RHB Álex Beltrán 0-0: Called Strike
0-1: Fly out, F8 (Line Drive, 8RS, EV 104.4 MPH)
Lined into DP, 8-5 (Line Drive, 8RS, EV 104.4 MPH)
Bottom of the 4th over - 1 run, 2 hits, 0 errors, 2 left on base; Fredericksburg 1 - Augusta 6
TOP OF THE 5TH
Fredericksburg Nationals batting - Pitching for Augusta GreenJackets : RHP Bill Clerc
Batting: LHB Steve Norton 0-0: Ball
1-0: Ball
2-0: Ball
3-0: Called Strike
3-1: Swinging Strike
3-2: Base on Balls
Batting: RHB Kieran Pittman 0-0: Ball
1-0: Ball
2-0: Ball
3-0: Base on Balls
Steve Norton to second
Batting: RHB Jesús Balderas 0-0: Ball
1-0: Called Strike
1-1: Ball
Passed Ball!
Steve Norton to third
Kieran Pittman to second
2-1: Ball
3-1: Called Strike
3-2: Base on Balls
Batting: RHB Mal Norton 0-0: Foul Ball, location: 7LMF
0-1: Swinging Strike
0-2: Ball
1-2: Ball
2-2: Ball
3-2: Base on Balls
Steve Norton scores
Kieran Pittman to third
Jesús Balderas to second
Batting: RHB Tim McKernan 0-0: Called Strike
0-1: Swinging Strike
0-2: Foul Ball, location: 5DF
0-2: Strikes out swinging
Batting: RHB Lonnie Dillard 0-0: Called Strike
0-1: Ball
1-1: Foul Ball, location: 9LDF
1-2: Ball
2-2: Foul Ball, location: 2F
2-2: Strikes out swinging
Batting: LHB Orlando Jiménez 0-0: Foul Ball, location: 5SF
0-1: Ball
1-1: Foul Ball, location: 7LMF
1-2: Foul Ball, location: 5SF
1-2: Foul Ball, location: 7LDF
1-2: Strikes out swinging
Top of the 5th over - 1 run, 0 hits, 0 errors, 3 left on base; Fredericksburg 2 - Augusta 6
BOTTOM OF THE 5TH
Augusta GreenJackets batting - Pitching for Fredericksburg Nationals : LHP Ernesto Beltrán
Batting: LHB Doug Cox 0-0: Called Strike
0-1: Swinging Strike
0-2: Ball
1-2: Strikes out swinging
Batting: RHB José García 0-0: Ball
1-0: Swinging Strike
1-1: Ball
2-1: Called Strike
2-2: Foul Ball, location: 25F
2-2: Ball
3-2: Strikes out looking
Batting: RHB Ed Randolph 0-0: Foul Ball, location: 25FF
0-1: Ball
1-1: Foul Ball, location: 2F
1-2: Ball
2-2: Ball
3-2: Foul Ball, location: 9LDF
3-2: Ground out 5-3 (Groundball, 56, EV 98.1 MPH)
Bottom of the 5th over - 0 runs, 0 hits, 0 errors, 0 left on base; Fredericksburg 2 - Augusta 6
TOP OF THE 6TH
Fredericksburg Nationals batting - Pitching for Augusta GreenJackets : RHP Bill Clerc
Batting: RHB Juan Ramírez 0-0: Called Strike
0-1: SINGLE (Groundball, 34D, EV 95.0 MPH)
Batting: RHB Juan Padrel 0-0: Called Strike
0-1: Called Strike
0-2: Ball
1-2: Foul Ball, location: 9LMF
1-2: Foul Ball, location: 9LDF
1-2: SINGLE (Groundball, P, EV 80.0 MPH) (infield hit)
Juan Ramírez to second
Pitching: RHP Miguel Angel Duarte
Batting: LHB Steve Norton 0-0: Called Strike
0-1: Swinging Strike
0-2: Strikes out looking
Batting: RHB Kieran Pittman 0-0: Called Strike
0-1: Swinging Strike
0-2: Fly out, F7 (Flyball, 78M, EV 94.4 MPH)
Batting: RHB Jesús Balderas 0-0: Ball
1-0: Ground out 3-1 (Groundball, 34S, EV 83.8 MPH)
Top of the 6th over - 0 runs, 2 hits, 0 errors, 2 left on base; Fredericksburg 2 - Augusta 6
BOTTOM OF THE 6TH
Augusta GreenJackets batting - Pitching for Fredericksburg Nationals : LHP Ernesto Beltrán
Batting: RHB Sam Nicholas 0-0: Ball
1-0: Swinging Strike
1-1: Swinging Strike
1-2: Strikes out looking
Batting: RHB Johnny Bonner 0-0: Ball
1-0: Ball
2-0: Ground out 4-3 (Groundball, 4, EV 90.0 MPH)
Batting: RHB Steve Roberts 0-0: SINGLE (Groundball, 6D, EV 100.0 MPH)
Batting: RHB Josh Owens 0-0: Ball
1-0: Foul Ball, location: 2F
1-1: Ball
2-1: Ball
3-1: Base on Balls
Steve Roberts to second
Batting: RHB José Cabrera 0-0: Foul Ball, location: 2F
0-1: Called Strike
0-2: Ball
1-2: Ball
2-2: Ball
3-2: Foul Ball, location: 2F
3-2: Base on Balls
Steve Roberts to third
Josh Owens to second
Batting: RHB Álex Beltrán 0-0: Ball
1-0: Ball
2-0: Called Strike
2-1: Ball
3-1: Foul Ball, location: 3SF
3-2: Ground out 5-3 (Groundball, 56, EV 91.9 MPH)
Bottom of the 6th over - 0 runs, 1 hit, 0 errors, 3 left on base; Fredericksburg 2 - Augusta 6
TOP OF THE 7TH
Fredericksburg Nationals batting - Pitching for Augusta GreenJackets : RHP Miguel Angel Duarte
Batting: RHB Mal Norton 0-0: Ground out 6-3 (Groundball, 6, EV 79.4 MPH)
Batting: RHB Tim McKernan 0-0: Called Strike
0-1: Ball
1-1: Swinging Strike
1-2: Ball
2-2: Ball
3-2: Strikes out swinging
Batting: RHB Lonnie Dillard 0-0: Called Strike
0-1: Called Strike
0-2: Ball
1-2: Strikes out swinging
Top of the 7th over - 0 runs, 0 hits, 0 errors, 0 left on base; Fredericksburg 2 - Augusta 6
BOTTOM OF THE 7TH
Augusta GreenJackets batting - Pitching for Fredericksburg Nationals : LHP Ernesto Beltrán
Batting: LHB Doug Cox 0-0: Ball
1-0: Ball
2-0: Called Strike
2-1: Ground out 4-3 (Groundball, 34, EV 83.1 MPH)
Batting: RHB José García 0-0: Ball
1-0: Ball
2-0: DOUBLE (Flyball, 8LXD, EV 110.6 MPH)
Batting: RHB Ed Randolph 0-0: Ball
1-0: Called Strike
1-1: Ball
2-1: DOUBLE (Line Drive, 3D, EV 101.9 MPH)
José García scores
Batting: RHB Sam Nicholas 0-0: Swinging Strike
0-1: Swinging Strike
0-2: Ball
1-2: Strikes out swinging
Pitching: RHP Joe Gates
Batting: RHB Johnny Bonner 0-0: Ball
1-0: Called Strike
1-1: Foul Ball, location: 2F
1-2: Ball
2-2: Ground out 6-3 (Groundball, 6, EV 87.5 MPH)
Bottom of the 7th over - 1 run, 2 hits, 0 errors, 1 left on base; Fredericksburg 2 - Augusta 7
TOP OF THE 8TH
Fredericksburg Nationals batting - Pitching for Augusta GreenJackets : RHP Miguel Angel Duarte
Batting: LHB Orlando Jiménez 0-0: Called Strike
0-1: Ball
1-1: Ball
2-1: Called Strike
2-2: Ground out 4-3 (Groundball, 4, EV 105.0 MPH)
Pinch Hitting: LHB Jud Foster 0-0: Ball
1-0: Foul Ball, location: 2RF
1-1: Ground out 6-3 (Groundball, 6MS, EV 91.3 MPH)
Pinch Hitting: SHB Jerry Glass 0-0: Ball
1-0: Foul Ball, location: 3DF
1-1: Foul Ball, location: 7LMF
1-2: Ball
2-2: Strikes out looking
Top of the 8th over - 0 runs, 0 hits, 0 errors, 0 left on base; Fredericksburg 2 - Augusta 7
BOTTOM OF THE 8TH
Augusta GreenJackets batting - Pitching for Fredericksburg Nationals : RHP Joe Gates
Now at SS: Jud Foster
Now in LF: Jerry Glass
Batting: RHB Steve Roberts 0-0: Ball
1-0: Ball
2-0: Foul Ball, location: 5FF
2-1: Foul Ball, location: 5SF
2-2: Ball
3-2: Base on Balls
Batting: RHB Josh Owens 0-0: Ball
1-0: Ball
2-0: Foul Ball, location: 3FF
2-1: Ball
3-1: Base on Balls
Steve Roberts to second
Batting: RHB José Cabrera 0-0: Ball
1-0: Called Strike
1-1: Swinging Strike
1-2: Fielders Choice at 2nd, 5-4 (Groundball, 5S, EV 83.8 MPH)
Steve Roberts to third
Now at 2B: José Gómez
Batting: RHB Álex Beltrán 0-0: Called Strike
0-1: Ball
1-1: Grounds into double play, 5-4-3 (Groundball, 56, EV 101.9 MPH)
Bottom of the 8th over - 0 runs, 0 hits, 0 errors, 1 left on base; Fredericksburg 2 - Augusta 7
TOP OF THE 9TH
Fredericksburg Nationals batting - Pitching for Augusta GreenJackets : RHP Miguel Angel Duarte
Pinch Hitting: RHB José Salquero 0-0: Ball
1-0: Called Strike
1-1: Fly out, F9 (Flyball, 9S, EV 93.8 MPH)
Pinch Hitting: LHB Phil Stanley 0-0: Swinging Strike
0-1: Swinging Strike
0-2: Foul Ball, location: 7LSF
0-2: Foul Ball, location: 2F
0-2: Strikes out looking
Pinch Hitting: SHB José Rivera 0-0: Ball
1-0: Ground out 5-3 (Groundball, 56, EV 85.0 MPH)
Top of the 9th over - 0 runs, 0 hits, 0 errors, 0 left on base; Fredericksburg 2 - Augusta 7
Monday, April 1st , 2024 - OOTP Baseball 24.10 Build 82